 Dungeon Crawl Stone Soup version 0.28.0-53-g5a82cb258f (webtiles) character file.

Game seed: 11701402881027950547

276 Gabide the Sneak (level 6, 0/49 HPs)
             Began as a Naga Venom Mage on June 10, 2022.
             Slain by an orc warrior
             ... wielding a +0 hand axe
              (1 damage)
             ... on level 6 of the Dungeon.
             The game lasted 00:14:48 (6016 turns).

Gabide the Sneak (Naga Venom Mage)                  Turns: 6016, Time: 00:14:49

Health: 0/49       AC:  5    Str: 16    XL:     6   Next: 25%
Magic:  0/10       EV: 10    Int: 18    God:
Gold:   218        SH:  0    Dex: 11    Spells: 0/10 levels left

rFire   . . .      SeeInvis +   f - staff of poison
rCold   . . .      Faith    .   (no shield)
rNeg    + . .      Spirit   .   a - +0 robe
rPois   +          Reflect  .   (no helmet)
rElec   .          Harm     .   (no cloak)
rCorr   .          Rampage  .   v - +1 pair of gloves
Will    .....                   (no barding)
Stlth   +++.......              (no amulet)
HPRegen 0.16/turn               t - ring of positive energy
MPRegen 0.12/turn               y - +6 ring of strength

@: very slightly contaminated, very slow
A: AC +2, large, see invisible, deformed body, poison resistance, slowness 2,
spit poison 1, naga tail 1
a: Spit Poison


You were on level 6 of the Dungeon.
You visited 1 branch of the dungeon, and saw 6 of its levels.
You also visited: Sewer.

You collected 218 gold pieces.

Inventory:

Hand Weapons
 o - a +1 mace of holy wrath
 C - a +0 quarterstaff
Armour
 a - a +0 robe (worn)
 s - an orb of light
 v - a +1 pair of gloves (worn)
Magical Staves
 f - a staff of poison (weapon)
Jewellery
 t - a ring of positive energy (left hand)
 u - an amulet of faith
 w - a ring of flight
 y - a +6 ring of strength (right hand)
Wands
 l - a wand of charming (9)
 z - a wand of paralysis (8)
 A - a wand of acid (2)
Scrolls
 b - 4 scrolls of enchant weapon
 c - a scroll of vulnerability
 i - 3 scrolls of teleportation
 j - a scroll of enchant armour
 n - a scroll of fog
 p - 2 scrolls of immolation
 x - 2 scrolls of identify
Potions
 e - a potion of heal wounds
 g - a potion of degeneration {unknown}
 h - 5 potions of curing
 k - 2 potions of mutation
 q - a potion of might {unknown}
 r - a potion of lignification {unknown}
 B - a potion of attraction {unknown}
 D - a potion of invisibility {unknown}


   Skills:
 - Level 2.5 Dodging
 + Level 6.2 Stealth
 + Level 2.9 Spellcasting
 - Level 1.0 Transmutations
 * Level 6.2 Poison Magic


You couldn't memorise any spells.
You knew the following spells:

 Your Spells              Type           Power      Damage    Failure   Level
a - Sting                 Tmut/Pois      92%        1d7       3%          1
b - Poisonous Vapours     Pois/Air       40%        N/A       7%          2
c - Mephitic Cloud        Conj/Pois/Air  15%        N/A       22%         3
d - Olgreb's Toxic Radia  Pois           37%        N/A       13%         4

Your spell library contained the following spells:

 Spells                   Type           Power      Damage    Failure   Level
 Confusing Touch          Hex            2%         N/A       45%         3
 Yara's Violent Unravell  Hex/Tmut       2%         3d3       98%         5
 Dispersal                Tloc           1%         N/A       100%        6
 Enfeeble                 Hex            1%         N/A       100%        7
 Disjunction              Tloc           1%         N/A       100%        8


Dungeon Overview and Level Annotations

Branches:
Dungeon (6/15)              Sewer (visited)
 Temple: D:4-7

Altars:

Annotations:
D:5 exclusion: 2 phantoms
D:6 Edmund


Innate Abilities, Weirdness & Mutations

Your serpentine skin is tough. (AC +2)
You have supernaturally acute eyesight. (SInv)
Armour fits poorly on your strangely shaped body.
Your system is resistant to poisons. (rPois)
You cover ground very slowly.
You can spit poison.
You have a snake-like lower body.


Message History

The orc shouts!
The bullfrog croaks.
The hound barks!
You hear a shout! x2
Something unseen opens the door.
Found 12 gold pieces.
A howler monkey comes into view.
An orc warrior comes into view. It is wielding a +0 hand axe.
The orc hits you but does no damage.
The howler monkey moves out of view.
As you read the scroll of identify, it crumbles to dust.
p - 2 scrolls of immolation The orc hits you with a +0 hand axe.
As you read the scroll labelled NUCSUD EMAGOOS, it crumbles to dust.
Your body is wracked with pain!
The orc convulses!
Edmund convulses!
The hound convulses!
The orc warrior convulses!
It was a scroll of torment.
The orc hits you with a +0 hand axe.
Edmund hits you with a +2 flail of protection!
* * * LOW HITPOINT WARNING * * *
As you read the scroll labelled UTECKO UBBIZECS, it crumbles to dust.
It is a scroll of enchant armour.
Your +0 pair of gloves glows green for a moment.
The orc misses you.
Edmund hits you with a +2 flail of protection!
* * * LOW HITPOINT WARNING * * *
As you read the scroll labelled XUAHEFRUNLA, it crumbles to dust.
The scroll dissolves into smoke.
It was a scroll of fog.
The orc closely misses you.
Edmund hits you with a +2 flail of protection.
* * * LOW HITPOINT WARNING * * *
As you read the scroll labelled NEEQOEP XIOSTRO, it crumbles to dust.
You assume a fearsome visage.
The hound looks frightened!
The orc looks frightened!
The orc warrior resists with some effort.
Edmund looks frightened!
It was a scroll of fear.
Edmund gibbers meaninglessly.
Casting: Sting (safe; 3% risk of failure)
Confirm with . or Enter, or press ? or * to list all spells.
The spell is quite dangerous to miscast (13% risk of failure)!
Continue anyway?
You feel a surge of power!
You miscast Olgreb's Toxic Radiance.
You are very lightly contaminated with residual magic.
Nothing appears to happen.
The orc warrior hits you with a +0 hand axe.
You die...

...........................
.@........................
..>..................#####
####..Z.............##.......#
.#...................##.......#
.(.....#...............#.......#
.......#.####§§§§§####.#.......#
.........#$.##§§§## #.#.......#
..........#...##@## #.#.......#
#..#......##..F#o# ##.........#
#..#.......##h'#§#+ ##..........#
#...........###o§§###...........#
................8...............#
........#...###...###............
........#..## '#.#+ ##...........
........#.## ..#.# ##..........
........#.# .##.## #..........


You could see an orc warrior.

Vanquished Creatures
  An orc priest (D:4)
  2 hounds
  A jelly (D:5)
  An iguana (D:5)
  A hell rat (Sewer)
  A howler monkey skeleton (D:4)
  2 adders
  A white imp (D:4)
  A worm (D:4)
  3 dart slugs
  4 orcs
  A bat (D:2)
  10 endoplasms
  2 giant cockroaches
  5 goblins
  6 hobgoblins
  3 kobolds (D:3)
  A quokka (D:1)
  6 ball pythons
  7 frilled lizards
  10 rats
69 creatures vanquished.

Vanquished Creatures (others)
  21 plants (D:5)
21 creatures vanquished.

Grand Total: 90 creatures vanquished

Notes
Turn   | Place    | Note
-------+----------+-------------------------------------------
     0 | D:1      | Gabide the Naga Venom Mage began the quest for the Orb.
     0 | D:1      | Reached XP level 1. HP: 15/15 MP: 3/3
   371 | D:1      | Reached XP level 2. HP: 22/22 MP: 3/5
   873 | D:1      | Reached XP level 3. HP: 28/28 MP: 6/6
  1415 | D:2      | Found a faded altar of an unknown god.
  1887 | D:2      | Learned a level 2 spell: Poisonous Vapours
  1891 | D:2      | Learned a level 3 spell: Mephitic Cloud
  2038 | D:3      | Found a glowing drain.
  2078 | Sewer    | Entered a sewer
  2136 | Sewer    | Reached skill level 5 in Poison Magic
  2136 | Sewer    | Reached XP level 4. HP: 36/36 MP: 1/7
  3443 | D:4      | Reached skill level 5 in Stealth
  3443 | D:4      | Reached XP level 5. HP: 25/42 MP: 0/8
  4502 | D:5      | Entered Level 5 of the Dungeon
  4783 | D:5      | Noticed a phantom
  4786 | D:5      | Noticed a phantom
  5194 | D:5      | Reached XP level 6. HP: 38/49 MP: 1/10
  5274 | D:5      | Learned a level 4 spell: Olgreb's Toxic Radiance
  5998 | D:6      | Noticed Edmund
  6008 | D:6      | Noticed an orc warrior
  6012 | D:6      | HP: 1/49 [Edmund/+2 flail of protection (11)]
  6016 | D:6      | Slain by an orc warrior

Illustrated notes

Levels and vault maps discovered:
D:1:      dpeg_arrival_shrine, layout_rooms, minmay_misc_feat_enclosed
D:2:      layout_loops_ring, ebering_ecumenical_altar_abandoned,
          chequers_serial_rivers_micro_a, minmay_crystal_water
D:3:      layout_loops_ring, portal_sewer_entry_a
D:4:      layout_basic, minmay_misc_feat_encased, minivault_5
D:5:      layout_loops_cross, vehumet_altar_wand_db, serial_bayou,
          serial_bayou_lagoon_b, serial_bayou_crossing, serial_bayou_lagoon_a,
          st_stairs_4, uniq_sigmund
D:6:      cheibrodos_barr_body, layout_basic, gammafunk_ghost_abyssal_escape,
          uniq_edmund

Skill      XL: |  1  2  3  4  5 |
---------------+----------------+-----
Stealth        | 4 5 6 |  6.2
Dodging        | 2 |  2.5
Poison Magic   | 5 6 |  6.2
Spellcasting   | |  2.9
Transmutations | |  1.0

Action                   |  1- 3 |  4- 6 || total
-------------------------+-------+-------++-------
Melee: Unarmed           |     8 |       ||     8
       Staff             |     5 |    31 ||    36
       Punch             |       |     1 ||     1
 Cast: Sting             |    66 |    23 ||    89
       Poisonous Vapours |       |    50 ||    50
 Abil: Spit Poison       |    17 |    16 ||    33
  Use: Scroll            |     2 |     9 ||    11
Armor: Robe              |     5 |    16 ||    21
Dodge: Dodged            |    10 |    28 ||    38
